 Seeded DCSS version 0.30.0-17-ge0270778cf (webtiles) character file.

Game seed: 1099031342628375395 (custom seed)

64 Twinkles the Shooter (level 3, 31/31 HPs)
             Began as a Minotaur Hunter on May 22, 2023.
             Got out of the dungeon alive.
             The game lasted 00:02:46 (1485 turns).

Twinkles the Shooter (Minotaur Hunter)              Turns: 1485, Time: 00:02:46

Health: 31/31      AC:  3    Str: 15    XL:     3   Next: 91%
Magic:  2/2        EV: 12    Int:  6    God:
Gold:   67         SH:  0    Dex: 15    Spells: 2/2 levels left

rFire   . . .        a - +0 shortbow
rCold   . . .        (shield currently unavailable)
rNeg    . . .        c - +0 leather armour
rPois   .            (helmet restricted)
rElec   .            (no cloak)
rCorr   .            (no gloves)
SInv    .            (no boots)
Will    .....        (no amulet)
Stlth   ++           (no ring)
HPRegen 0.25/turn    (no ring)
MPRegen 0.08/turn

%: no passive effects
@: studying Throwing
A: horns 2, retaliatory headbutt
a: no special abilities


You escaped.
You visited 1 branch of the dungeon, and saw 2 of its levels.

You collected 67 gold pieces.

Inventory:

Hand Weapons
 a - a +0 shortbow (weapon)
Armour
 c - a +0 leather armour (worn)
Jewellery
 f - a ring of protection from cold
Scrolls
 e - a scroll of teleportation {unknown}
 h - a scroll of enchant weapon {unknown}
 j - 2 scrolls of identify {unknown}
 K - a scroll of immolation
Potions
 b - 2 potions of attraction {unknown}
 d - a potion of ambrosia {unknown}
 g - 2 potions of curing {unknown}
 i - a potion of resistance {unknown}


   Skills:
 + Level 3.2 Fighting
 * Level 5.1 Ranged Weapons
 + Level 3.0 Dodging
 - Level 1.2 Stealth


You had 2 spell levels left.
You didn't know any spells.
Your spell library contained the following spells:

 Spells                   Type           Power      Damage    Failure   Level
 Beastly Appendage        Tmut           0%         N/A       52%         1
 Wereblood                Tmut           0%         N/A       67%         2
 Spider Form              Tmut/Pois      0%         N/A       88%         3


Dungeon Overview and Level Annotations

Branches:
Dungeon (2/15) Zot: 10482

Altars:


Innate Abilities, Weirdness & Mutations

You have a pair of horns on your head.
You reflexively headbutt those who attack you in melee.


Message History

You see here a dart slug corpse.
A goblin comes into view. It is wielding a +0 dagger.
The goblin shouts!
You shoot an arrow. The arrow misses the goblin.
A goblin is nearby!
You shoot an arrow. The arrow barely misses the goblin.
You shoot an arrow. The arrow hits the goblin!
You kill the goblin!
No target in view!
No target in view!
Found a stone staircase leading up.
Found a stone staircase leading up.
Things that are here:
a +0 dagger; 2 stones You see here a +0 dagger.
Done exploring.
Done exploring.
Done exploring.
Things that are here:
a +0 dagger; 2 stones You see here 2 stones.
There is a stone staircase leading down here.
(D) Dungeon
Where to? (Enter - D:2 @ (x,y), ? - help)
What level of the Dungeon? (default 1, ? - help)
There is an open door here.
You open the door.
There is an open door here.
You see here 5 stones.
There is a stone staircase leading up here.
You climb upwards.
There is a stone staircase leading down here.
Unknown command.
Unknown command.
Search for what [? for help]? .
Unknown command.
You see here a staff of fire.
There is a staircase leading out of the dungeon here.
Are you sure you want to leave the Dungeon?
This will make you lose the game!
You have escaped!

#
#.##......##P...P#
#
#.##.########...##
# #.##.# #P...P#
#.##.## ##...##
#.##..# #P.P.P#
#.###.### ##.P.##
#.# #(..# #P...P#
#.# ###.## ##...##
#.# #..# #.@.#
###.# ##.# #####
.##.######.########
'##...............#
...####...##.####.#
...# ##..##.## #.#
...# #..##..# #.#
...# #...##.# #.#
...#####.#.##.# #.#


There were no monsters in sight!

Vanquished Creatures
  An adder (D:2)
  2 worms (D:2)
  3 dart slugs
  3 endoplasms
  A giant cockroach (D:1)
  7 goblins
  4 hobgoblins
  3 jackals (D:1)
  2 quokkas (D:2)
  5 ball pythons
  3 bats
  2 frilled lizards (D:1)
  2 kobolds
  3 rats (D:1)
41 creatures vanquished.

Notes
Turn   | Place    | Note
-------+----------+-------------------------------------------
     0 | D:1      | Twinkles the Minotaur Hunter began the quest for the Orb.
     0 | D:1      | Reached XP level 1. HP: 18/18 MP: 0/0
   104 | D:1      | Reached skill level 1 in Stealth
   216 | D:1      | Reached XP level 2. HP: 22/25 MP: 1/1
   938 | D:2      | Reached XP level 3. HP: 30/30 MP: 2/2
  1137 | D:2      | Reached skill level 5 in Ranged Weapons
  1485 | D:$      | Got out of the dungeon alive.

Illustrated notes

Levels and vault maps discovered:
D:1:      minmay_arrival_plants_in_alcoves, layout_basic, grunt_decor_fettered
D:2:      layout_basic, glass_columns_a, ebering_dispersal_statue_hall,
          fountainhead

Skill      XL: |  1  2  3 |
---------------+----------+-----
Stealth        | 1 |  1.2
Fighting       | 3 |  3.2
Ranged Weapons | 5 |  5.1
Dodging        | 3 |  3.0

Action                     || total
---------------------------++-------
   Fire: Shortbow          ||   110
 Armour: Leather armour    ||     4
  Dodge: Dodged            ||    31
